 Dungeon Crawl Stone Soup version 0.25-a0-426-g7d9e569eea (webtiles) character file.

Game seed: 11040120177308178363, levelgen mode: deterministic

0 Gargoyl the Skirmisher (level 1, -5/19 HPs)
             Began as a Centaur Abyssal Knight on Jan 25, 2020.
             Was a Follower of Lugonu.
             Slain by a thrashing horror (15 damage)
             ... on level 1 of the Abyss.
             The game lasted 00:00:43 (205 turns).

Gargoyl the Skirmisher (Centaur Abyssal Knight)      Turns: 205, Time: 00:00:44

Health: -5/19      AC:  4    Str: 14    XL:     1   Next: 0%
Magic:  2/2        EV:  9    Int: 11    God:    Lugonu [*.....]
Gold:   29         SH:  0    Dex:  8    Spells: 0/0 levels left

rFire    . . .     SeeInvis .   a - +1 hand axe
rCold    . . .     Gourm    .   (no shield)
rNeg     . . .     Faith    .   b - +0 leather armour
rPois    .         Spirit   .   (no helmet)
rElec    .         Reflect  .   (no cloak)
rCorr    .         Harm     .   (no gloves)
MR       .....                  (no barding)
Stlth    ..........             (no amulet)
HPRegen  0.06/turn              (no ring)
MPRegen  0.08/turn              (no ring)

@: very slightly contaminated, very quick
A: large, hooves 3, deformed body, speed 2, tough skin 3
a: Depart the Abyss, Renounce Religion


You were on level 1 of the Abyss.
You worshipped Lugonu.
Lugonu was aware of your devotion.
You were not hungry.

You visited 0 branches of the dungeon, and saw 0 of its levels.
You visited the Abyss 1 time.

You collected 29 gold pieces.

Inventory:

Hand Weapons
 a - a +1 hand axe (weapon)
Armour
 b - a +0 leather armour (worn)
Comestibles
 c - a ration


   Skills:
 + Level 3.0 Fighting
 + Level 1.7 Axes
 + Level 1.3 Armour
 + Level 0.6 Dodging
 + Level 2.0 Invocations


You couldn't memorise any spells.
You didn't know any spells.
Your spell library was empty.

Dungeon Overview and Level Annotations

Branches:
Dungeon (0/15)

Altars:


Innate Abilities, Weirdness & Mutations

You have hooves in place of feet.
Armour fits poorly on your strangely shaped body.
You cover ground very quickly.
You have extremely tough skin. (AC +3)


Message History

A quasit comes into view.
A large abomination comes into view.
You flicker for a moment.
A smoke demon comes into view.
The smoke demon roars!
The smoke demon roars!
You flicker back into view.
Found 7 boomerangs.
A thrashing horror comes into view.
Found a gateway leading deeper into the Abyss.
You hit the thrashing horror. Your kick misses the thrashing horror.
The thrashing horror is lightly damaged.
The thrashing horror completely misses you.
The thrashing horror tramples you.
You stumble backwards!
The thrashing horror roars!
The thrashing horror closely misses you.
The thrashing horror tramples you but does no damage.
The thrashing horror tramples you!
Ouch! That really hurt!
You die...

. ## ....... . #.
...... #.
.####.......
#.##§#.#.......
#..§§..#.......
#.##§.#.#....>
#...X..#..#
###.##X#...##..
.#...#.#@#.......
#......#.........
........##.......
..#......#.......
##...##.. .#.#.##
##...#
.X..#.#...#
....#....#.##.#..
#.#..#.. ...... #
.#....# .#.#


You could see a thrashing horror and 2 large abominations.

Vanquished Creatures (others)
  A lurking horror (Abyss:1)
1 creature vanquished.

Notes
Turn   | Place    | Note
-------+----------+-------------------------------------------
     0 | Abyss:1  | Gargoyl the Centaur Abyssal Knight began the quest for the
                  | Orb.
     0 | Abyss:1  | Reached XP level 1. HP: 19/19 MP: 2/2
    17 | Abyss:1  | Found a corrupted altar of Lugonu.
   100 | Abyss:1  | Noticed a large abomination
   112 | Abyss:1  | Noticed a small abomination
   137 | Abyss:1  | Noticed a quasit
   143 | Abyss:1  | Noticed a large abomination
   167 | Abyss:1  | Noticed a smoke demon
   199 | Abyss:1  | Noticed a thrashing horror
   203 | Abyss:1  | Noticed a large abomination
   205 | Abyss:1  | Slain by a thrashing horror

Levels and vault maps discovered:
Abyss:1:  bh_abyss_xom_lugonu_altar

Action                   || total
-------------------------++-------
Melee: Hand axe          ||     1
  Use: Potion            ||     1
Armor: Leather armour    ||     1
Dodge: Dodged            ||     3

Table legend:
 A = Non-vault XP
 B = Vault XP
 C = Vault XP percentage of total XP
 D = Non-vault monster count
 E = Vault monster count
 F = Vault count percentage of total count
                 A         B        C        D         E       F
            +---------+---------+-------+---------+---------+-------
      Total |       0 |       0 |   N/A |       0 |       0 |  -nan
            +---------+---------+-------+---------+---------+-------
            +---------+---------+-------+---------+---------+-------
